 Dungeon Crawl Stone Soup version 0.30-a0-870-gc5d4c5acee (webtiles) character file.

Game seed: 10035732219801081137

528984 porpoise the Illuminatus (level 25, -2/212 HPs)
             Began as a Gnoll Enchanter on Mar 6, 2023.
             Was an Elder of Ashenzari.
             Slain by a white very ugly thing (58 damage)
             ... summoned by a worldbinder
             ... on level 4 of the Abyss on Mar 11, 2023.
             The game lasted 10:53:24 (91671 turns).

porpoise the Illuminatus (Gnoll Enchanter)         Turns: 91671, Time: 10:53:24

Health: -2/212     AC: 37    Str:  9    XL:     25   Next: 56%
Magic:  7/48       EV: 15    Int: 30    God:    Ashenzari [****..]
Gold:   1757       SH: 17    Dex: 17    Spells: 7/66 levels left

rFire   + . .      SeeInvis +    w - +6 quick blade (holy)
rCold   x . .      Faith    .    v - +1 kite shield {rPois}
rNeg    + . .      Spirit   .    J - +2 pearl dragon scales of Desmomancy {rN+, Fort, Bglg} (curse)
rPois   +          Reflect  .    Y - +1 helmet "Restrained With Me" {Int+2 Slay+3, Bglg, Melee} (curse)
rElec   +          Rampage  .    Q - +2 cloak of Ashenzari's Pleiades {Bglg, Elem} (curse)
rCorr   +          Clarity  +    U - +2 pair of gloves {Stlth+}
Will    +....                    c - +5 pair of boots "Circumscribed Together" {rCorr Str+3, Fort, Bglg} (curse)
Stlth   ++++++                   f - amulet "Tethered Egalitarianism" {Regen+, Bglg, Self} (curse)
HPRegen 1.35/turn                h - ring of protection from fire
MPRegen 0.31/turn                e - ring of Ashenzari's Sun {rElec Str-2 Int+6 SInv, Bglg, Self} (curse)

@: no status effects
A: fangs 1, strong nose, distributed training, iridescent scales 2, deformed
body, cold vulnerability 1
}: 3/15 runes: serpentine, barnacled, abyssal
a: Renounce Religion, Curse Item, Shatter the Chains


You were on level 4 of the Abyss.
You worshipped Ashenzari.
Ashenzari was greatly pleased with you.
You visited 8 branches of the dungeon, and saw 41 of its levels.
You visited the Abyss 8 times.
You also visited: Sewer, Gauntlet, Ice Cave and Desolation.

You collected 6739 gold pieces.
You spent 4982 gold pieces at shops.

Inventory:

Hand Weapons
 a - a +9 rapier of speed
 w - a +6 quick blade of holy wrath (weapon)
 W - a +5 scimitar of holy wrath
Missiles
 i - 10 throwing nets (quivered)
 n - 2 curare-tipped darts
 I - 14 silver javelins
Armour
 c - the cursed +5 pair of boots "Circumscribed Together" (worn) {rCorr Str+3, Fort, Bglg}
   (You bought it in a shop on level 2 of the Orcish Mines)

   Str:       It affects your strength (+3).
   rCorr:     It protects you from acid and corrosion.
   It has a curse which improves the following skills: Fortitude: Armour and
   Shields.
   Beguiling: Conjurations, Hexes and Translocations.
 v - a +1 kite shield of poison resistance (worn)
 J - the cursed +2 pearl dragon scales of Desmomancy (worn) {rN+, Fort, Bglg}
   (You took it off a deep elf blademaster on level 3 of the Elven Halls)

   rN:        It protects you from negative energy.
   It has a curse which improves the following skills: Fortitude: Armour and
   Shields.
   Beguiling: Conjurations, Hexes and Translocations.
 Q - the cursed +2 cloak of Ashenzari's Pleiades (worn) {Bglg, Elem}
   (You bought it in a shop on level 2 of the Vaults)

   It has a curse which improves the following skills: Beguiling: Conjurations,
   Hexes and Translocations.
   Elements:  Fire Magic, Ice Magic, Air Magic and Earth Magic.
 U - a +2 pair of gloves of stealth (worn)
 Y - the cursed +1 helmet "Restrained With Me" (worn) {Int+2 Slay+3, Bglg, Melee}
   (You found it on level 3 of the Elven Halls)

   Int:       It affects your intelligence (+2).
   Slay:      It affects your accuracy & damage with ranged weapons and melee
   (+3).
   It has a curse which improves the following skills: Beguiling: Conjurations,
   Hexes and Translocations.
   Melee Combat: Short Blades, Long Blades, Axes, Maces & Flails, Polearms,
   Staves and Unarmed Combat.
Magical Staves
 b - a staff of conjuration
Jewellery
 d - the ring "Laerr" {Fly rC+}
   (You found it in the Desolation of Salt)

   [ring of protection from cold]

   rC:        It protects you from cold.
   Fly:       It grants you flight.
 e - the cursed ring of Ashenzari's Sun (right hand) {rElec Str-2 Int+6 SInv, Bglg, Self}
   (You found it on level 1 of the Shoals)

   [ring of intelligence]

   Str:       It affects your strength (-2).
   Int:       It affects your intelligence (+6).
   rElec:     It insulates you from electricity.
   SInv:      It lets you see invisible.
   It has a curse which improves the following skills: Beguiling: Conjurations,
   Hexes and Translocations.
   Introspection: Fighting and Spellcasting.
 f - the cursed amulet "Tethered Egalitarianism" (around neck) {Regen+, Bglg, Self}
   (You bought it in a shop on level 10 of the Dungeon)

   [amulet of regeneration]

   Regen:     It increases your rate of health regeneration.
   It has a curse which improves the following skills: Beguiling: Conjurations,
   Hexes and Translocations.
   Introspection: Fighting and Spellcasting.
 h - a ring of protection from fire (left hand)
Wands
 l - a wand of digging (11)
 y - a wand of acid (3)
 C - a wand of paralysis (18)
 H - a wand of iceblast (17)
 L - a wand of polymorph (23)
 O - a wand of mindburst (23)
Scrolls
 k - 6 scrolls of magic mapping
 s - 10 scrolls of fog
 x - 7 scrolls of teleportation
 A - 3 scrolls of poison
 B - 7 scrolls of blinking
 G - 2 scrolls of butterflies
 R - 4 scrolls of fear
 S - 8 scrolls of silence
 V - 6 scrolls of vulnerability
Potions
 g - 23 potions of curing
 j - 7 potions of ambrosia
 o - 3 potions of attraction
 p - 8 potions of haste
 q - 3 potions of heal wounds
 r - 6 potions of lignification
 u - 8 potions of brilliance
 E - 5 potions of cancellation
 F - a potion of might
 K - 2 potions of resistance
 N - 2 potions of magic
Miscellaneous
 m - a tin of tremorstones (2/2)
 t - a box of beasts
 z - a lightning rod (4/4)
 D - a phantom mirror


   Skills:
 + Level 17.6(20.4) Fighting
 + Level 17.8(19.6) Short Blades
 + Level 17.6(19.4) Long Blades
 + Level 17.6(19.4) Axes
 + Level 17.6(19.4) Maces & Flails
 + Level 17.6(19.4) Polearms
 + Level 17.6(19.4) Staves
 + Level 17.6 Ranged Weapons
 + Level 17.6 Throwing
 + Level 17.6(20.4) Armour
 + Level 18.1 Dodging
 + Level 18.5 Stealth
 + Level 17.6(20.4) Shields
 + Level 17.6(19.4) Unarmed Combat
 + Level 18.2(21.0) Spellcasting
 + Level 15.0(21.2) Conjurations
 + Level 15.9(22.1) Hexes
 + Level 15.0 Summonings
 + Level 15.0 Necromancy
 + Level 15.0(21.2) Translocations
 + Level 15.0 Transmutations
 + Level 15.0(16.9) Fire Magic
 + Level 15.0(16.9) Ice Magic
 + Level 15.0(16.9) Air Magic
 + Level 15.0(16.9) Earth Magic
 + Level 15.0 Poison Magic
 + Level 19.1 Invocations
 + Level 17.6 Evocations


You had 7 spell levels left.
You knew the following spells:

 Your Spells              Type           Power      Damage    Failure   Level
a - Confusing Touch       Hex            100%       N/A       0%          3
d - Discord               Hex            52%        N/A       4%          8
e - Ensorcelled Hibernat  Hex/Ice        100%       N/A       0%          2
f - Fireball              Conj/Fire      49%        3d19      1%          5
h - Haunt                 Necr/Summ      44%        N/A       11%         7
i - Iron Shot             Conj/Erth      49%        9d9       1%          6
j - Arcjolt               Conj/Air       49%        1d59      1%          5
k - Blink                 Tloc           100%       N/A       0%          2
l - Lesser Beckoning      Tloc           100%       N/A       0%          2
m - Mephitic Cloud        Conj/Pois/Air  95%        N/A       0%          3
n - Apportation           Tloc           100%       N/A       0%          1
o - Orb of Destruction    Conj           51%        9d13      1%          7
t - Tukima's Dance        Hex            100%       N/A       0%          3
v - Summon Mana Viper     Hex/Summ       97%        N/A       1%          5

Your spell library contained the following spells:

 Spells                   Type           Power      Damage    Failure   Level
 Magic Dart               Conj           100%       1d8       0%          1
 Necrotise                Necr           100%       1d9       0%          1
 Sandblast                Erth           100%       2d20      0%          1
 Slow                     Hex            100%       N/A       0%          1
 Summon Small Mammal      Summ           100%       N/A       0%          1
 Cigotuvi's Dreadful Rot  Necr/Pois/Air  100%       N/A       0%          2
 Passwall                 Tmut/Erth      75%        N/A       0%          2
 Poisonous Vapours        Pois/Air       100%       N/A       0%          2
 Static Discharge         Conj/Air       100%       2-7/arc   0%          2
 Dazzling Flash           Conj/Hex       100%       N/A       0%          3
 Gell's Gravitas          Tloc           100%       N/A       0%          3
 Hailstorm                Conj/Ice       98%        3d19      0%          3
 Inner Flame              Hex/Fire       99%        N/A       0%          3
 Kindle Blastsparks       Fire/Tloc/Air  100%       2d18      0%          3
 Portal Projectile        Hex/Tloc       100%       N/A       0%          3
 Stone Arrow              Conj/Erth      100%       3d13      0%          3
 Teleport Other           Tloc           100%       N/A       0%          3
 Vhi's Electric Charge    Tloc/Air       100%       N/A       0%          3
 Cause Fear               Hex            52%        N/A       0%          4
 Fulminant Prism          Conj/Hex       52%        3d23      0%          4
 Iskenderun's Mystic Bla  Conj/Tloc      100%       2d19      0%          4
 Manifold Assault         Tloc           100%       N/A       0%          4
 Passage of Golubria      Tloc           100%       N/A       0%          4
 Call Imp                 Summ           89%        N/A       1%          2
 Sublimation of Blood     Necr           89%        N/A       1%          2
 Frozen Ramparts          Ice            100%       1d16      1%          3
 Ignite Poison            Fire/Tmut/Pois 90%        N/A       1%          3
 Ozocubu's Armour         Ice            93%        N/A       1%          3
 Vampiric Draining        Necr           89%        2d12      1%          3
 Anguish                  Hex/Necr       48%        N/A       1%          4
 Animate Armour           Summ/Erth      100%       N/A       1%          4
 Animate Dead             Necr           89%        N/A       1%          4
 Dispel Undead            Necr           89%        3d28      1%          4
 Ice Form                 Ice/Tmut       91%        N/A       1%          4
 Petrify                  Tmut/Erth      91%        N/A       1%          4
 Sticky Flame             Conj/Fire      98%        2d11      1%          4
 Summon Ice Beast         Ice/Summ       91%        N/A       1%          4
 Summon Lightning Spire   Summ/Air       91%        N/A       1%          4
 Agony                    Necr           89%        N/A       1%          5
 Alistair's Intoxication  Tmut/Pois      59%        N/A       1%          5
 Blade Hands              Tmut           44%        N/A       1%          5
 Borgnjor's Vile Clutch   Necr/Erth      45%        N/A       1%          5
 Freezing Cloud           Conj/Ice/Air   48%        6-21      1%          5
 Iskenderun's Battlesphe  Conj           100%       2d15      1%          5
 Lee's Rapid Deconstruct  Erth           46%        3d22*     1%          5
 Lightning Bolt           Conj/Air       49%        1d69      1%          5
 Metabolic Englaciation   Hex/Ice        49%        N/A       1%          5
 Summon Forest            Summ/Tloc      48%        N/A       1%          5
 Conjure Ball Lightning   Conj/Air       49%        3x3d17    1%          6
 Death Channel            Necr           44%        N/A       1%          6
 Dispersal                Tloc           51%        N/A       1%          6
 Eringya's Noxious Bog    Tmut/Pois      44%        N/A       1%          6
 Simulacrum               Ice/Necr       45%        N/A       1%          6
 Starburst                Conj/Fire      49%        6d13      1%          6
 Statue Form              Tmut/Erth      60%        N/A       1%          6
 Summon Cactus Giant      Summ           44%        N/A       1%          6
 Malign Gateway           Summ/Tloc      48%        N/A       3%          7
 Spellforged Servitor     Conj/Summ      48%        N/A       3%          7
 Storm Form               Tmut/Air       45%        N/A       8%          7
 Monstrous Menagerie      Summ           44%        N/A       11%         7
 Disjunction              Tloc           51%        N/A       7%          8
 Lehudib's Crystal Spear  Conj/Erth      49%        10d12     16%         8
 Ignition                 Fire           46%        3d13      38%         8
 Maxwell's Capacitive Co  Air            46%        ∞         38%         8
 Borgnjor's Revivificati  Necr           44%        N/A       65%         8
 Infestation              Necr           44%        N/A       65%         8
 Necromutation            Tmut/Necr      44%        N/A       65%         8
 Death's Door             Necr           44%        N/A       100%        9


Dungeon Overview and Level Annotations

Branches:
Dungeon (15/15)            Temple (0/1) D:5            Lair (5/5) D:9
 Shoals (4/4) Lair:2        Snake (4/4) Lair:2        Slime (0/5) Lair:4
    Orc (2/2) D:10            Elf (3/3) Orc:2        Vaults (4/5) D:14
  Crypt (0/3) Vaults:2     Depths (4/4) D:15            Zot (0/5) Depths:4
  Sewer (visited)           IceCv (visited)         Desolation (visited)
Gauntlet (visited)

Altars:
Ashenzari
Cheibriados
Gozag
Hepliaklqana
Kikubaaqudgha
Okawaru
Ru
Trog
Xom
Yredelemnul
The Shining One

Shops:
D:1 ?   D:10 *   Orc:1 [   Orc:2 [[(!**   Elf:2 ==:   Snake:1 [!=*?
Snake:4 (*(   Vaults:2 [?

Portals:
Hell: Depths:1 Depths:2 Depths:3 Depths:4
Abyss: Depths:3
Pandemonium: Depths:2
Ziggurat: Depths:4

Annotations:
Shoals:1 1 transporter, exclusion: orange crystal statue
Elf:2 exclusion: upstairs
Vaults:4 exclusion: 3 downstairs


Innate Abilities, Weirdness & Mutations

You have very sharp teeth.
Your uncanny sense of smell can sniff out nearby items.
Your experience applies equally to all skills.
You are mostly covered in iridescent scales. (AC +4)
Armour fits poorly on your strangely shaped body.
You are vulnerable to cold. (rC-)


Message History

You barely miss the large abomination.
You bite the large abomination, but do no damage.
A chorus of shrieks assaults your mind.
You hit the large abomination.
The large abomination convulses.
Your bite misses the large abomination.
The large abomination is lightly damaged.
A chorus of shrieks assaults your mind. The large abomination hits you.
You hit the large abomination but do no damage.
The large abomination is lightly damaged.
You puncture the large abomination!
The large abomination convulses!
The large abomination is heavily damaged.
You puncture the large abomination!
The large abomination convulses.
You bite the large abomination, but do no damage.
The large abomination is almost destroyed.
The vault sentinel blows a loud note on a signal horn!
You hear a chilling moan.
You hear a croak.
You hear a bark! x6
You hit the large abomination.
The large abomination convulses.
The large abomination is almost destroyed.
The vault sentinel disappears in a puff of smoke!
You block the large abomination's attack.
You hit the large abomination.
You destroy the large abomination!
A starcursed mass splits.
You hit the worldbinder.
The worldbinder is lightly damaged.
The worldbinder calls forth creatures from the Vaults!
You puncture the worldbinder!
The worldbinder is moderately damaged.
You hit the worldbinder but do no damage.
The worldbinder is moderately damaged.
You hit the worldbinder.
You bite the worldbinder, but do no damage.
The worldbinder is heavily damaged.
The worldbinder calls forth creatures from the Vaults!
The white very ugly thing gores you!
* * * LOW HITPOINT WARNING * * *
The white very ugly thing freezes you!!!
You feel a terrible chill!
You die...

* * # ,*
* , * #.
, * , *
, *.## ,
* * .. ,
* , ,
##.#** ,
* * , ##
#.. #* *
*
,#.)#u#
. ,, , ,
,*
#u@#{*#
,*
###xXX#
#.{3X#.#
* * ,
.#.##h#,
, ,.# {
# . #X#
,* # # .
#§..# ,
# ,. . #
. . ,h#
, , . *
, . , *
* *. ,
#. # ,*


You could see 4 starcursed masses, 2 very ugly things, a worldbinder, a sixfirhy
and 2 raiju.

Vanquished Creatures
  A juggernaut (Depths:3)
  2 caustic shrikes (Depths:3)
  4 golden dragons
  Xtahua (Vaults:4)
  A profane servitor (Abyss:4)
  4 bone dragons
  3 tentacled monstrosities
  2 walking crystal tomes (Depths:4)
  Jorgrun (Elf:1)
  2 walking earthen tomes (Abyss:4)
  Mlioglotl (Snake:4)
  3 deep elf blademasters
  5 liches
  Asterion (Elf:3)
  3 deep elf master archers (Elf:3)
  Frances (Elf:1)
  A walking divine tome (Depths:2)
  A walking frostbound tome (Depths:3)
  2 quicksilver dragons (Snake:4)
  2 sphinxes
  Polyphemus (Shoals:3)
  A kraken (Shoals:3)
  8 tentacled starspawn
  A shadow dragon (Depths:4)
  3 storm dragons
  Ilsuiw (Shoals:4)
  Donald (Elf:1)
  10 nagarajas
  4 tengu reavers
  A draconian knight (Depths:4)
  A daeva (Abyss:3)
  4 fire giants
  5 frost giants
  2 draconian scorchers (Abyss:4)
  2 imperial myrmidons (Desolation)
  10 vault wardens
  9 deep elf sorcerers
  A balrug (Abyss:4)
  Louise (Elf:3)
  4 orc warlords
  An angel (Abyss:2)
  5 deep elf elementalists (Elf:3)
  A draconian annihilator (Depths:4)
  A draconian stormcaller (Abyss:2)
  4 war gargoyles
  11 ironbound preservers
  7 stone giants
  A reaper (Depths:1)
  An ophan (Abyss:3)
  3 vampire knights
  33 very ugly things
  8 ironbound thunderhulks
  A black draconian (Depths:4)
  A green draconian (Depths:4)
  A juggernaut skeleton (Abyss:3)
  8 deep elf demonologists
  9 deep elf annihilators (Elf:3)
  2 halazid warlocks (Desolation)
  A lorocyproca (Abyss:4)
  A purple draconian (Depths:4)
  Azrael (D:13)
  4 spark wasps (Depths:3)
  A minotaur (Gauntlet)
  2 green deaths
  5 merfolk javelineers
  9 ettins
  7 deep elf death magi
  9 yaktaur captains
  9 fire dragons
  A crystal guardian (Desolation)
  8 ragged hierophants (Desolation)
  An entropy weaver (Vaults:2)
  14 great orbs of eyes
  5 jiangshi (Depths:1)
  9 merfolk impalers
  8 deep elf high priests (Elf:3)
  6 rakshasas
  6 servants of whispers (Desolation)
  7 ice dragons
  8 vault guards
  8 hydras
  A hell beast (Depths:4)
  3 salamander tyrants
  An ogre mage (D:15)
  3 merfolk avatars
  4 alligator snapping turtles
  3 catoblepae
  9 peacekeepers
  21 centaur warriors
  12 two-headed ogres
  7 ironbound frosthearts
  24 dancing weapons
  11 anacondas
  5 naga warriors
  4 merfolk aquamancers
  2 deep troll shamans (Depths:2)
  5 hell hogs
  6 boulder beetles
  2 satyrs
  4 tengu warriors
  A vampire mage (Depths:1)
  3 death knights
  9 deep troll earth magi
  7 death yaks
  Urug (Lair:2)
  5 spriggan berserkers
  An orc high priest (Orc:2)
  6 hell knights
  6 naga sharpshooters
  3 thrashing horrors (Abyss:4)
  3 soul eaters
  A titan zombie (Depths:1)
  18 deep elf knights
  A shadow wraith (Abyss:4)
  2 salamander mystics
  6 shock serpents
  8 wretched stars
  5 iron trolls
  2 skysharks
  15 sun demons
  A spatial maelstrom (Abyss:4)
  13 sea snakes
  A sixfirhy (Abyss:4)
  6 naga ritualists
  2 sun moths
  3 skeletal warriors (D:13)
  11 large abominations
  A quicksilver dragon simulacrum (Abyss:4)
  6 wizards
  4 flayed ghosts
  51 deep trolls
  3 glowing orange brains
  15 ironbound convokers
  16 deep elf archers
  A spectral wolf spider (D:13)
  7 lindwurms
  5 orc knights
  Pikel (D:7)
  9 necromancers
  10 mana vipers
  A wolf spider (Lair:5)
  A phantasmal warrior (Abyss:4)
  39 deep elf zephyrmancers
  24 deep elf pyromancers
  A fire giant zombie (Depths:1)
  5 orc sorcerers
  8 cyclopes
  A spectral ice dragon (D:13)
  3 oklob plants (Lair:4)
  17 manticores
  25 harpies
  43 ugly things
  2 human zombies (Vaults:1)
  A stone giant zombie (Vaults:3)
  6 fauns
  13 salamanders
  A rust devil (Abyss:3)
  3 worldbinders
  9 merfolk sirens
  9 guardian serpents
  2 centaur zombies (D:13)
  4 naga magi
  5 gargoyles
  2 spectral centaurs (D:13)
  2 smoke demons
  2 molten gargoyles
  A demonic crawler (Abyss:4)
  18 vault sentinels
  An apocalypse crab (Abyss:4)
  3 water nymphs (Shoals:4)
  34 black mambas
  4 orange demons
  3 ice statues (IceCv)
  16 cane toads
  A kobold demonologist (D:12)
  2 unseen horrors
  5 rime drakes
  Maggie (D:9)
  A centaur skeleton (D:13)
  18 yaktaurs
  A yaktaur zombie (Vaults:1)
  13 freezing wraiths
  An anaconda simulacrum (IceCv)
  2 efreet
  7 komodo dragons
  7 tengu conjurers
  2 ice devils
  6 ancient zymes
  A spectral deep troll (D:13)
  An elf skeleton (Vaults:1)
  A meliai (shapeshifter) (Depths:4)
  A red devil (D:12)
  3 wolf spider simulacra (D:13)
  5 meliai (Abyss:3)
  7 hornets
  A harpy zombie (Abyss:4)
  9 trolls
  16 polar bears
  A queen bee (Abyss:3)
  A hornet (shapeshifter) (D:13)
  34 merfolk
  A tyrant leech (Gauntlet)
  An ettin zombie (Vaults:3)
  54 saltlings (Desolation)
  6 wind drakes
  Grinder (D:4)
  3 hellwings
  20 blink frogs
  8 dream sheep
  19 raiju
  10 snapping turtles
  2 human simulacra
  3 flying skulls (D:13)
  28 slime creatures
  A frost giant simulacrum (Depths:1)
  6 air elementals
  5 spriggans
  8 vampires
  2 shadows
  8 wraiths
  7 ynoxinuls
  35 starcursed masses
  6 wyverns (Lair:5)
  5 fire elementals
  4 fire bats (Depths:4)
  22 water elementals
  62 yaks
  3 basilisks
  A black mamba skeleton (Abyss:2)
  3 chaos spawn
  Grum (D:9)
  7 small abominations
  2 death yak simulacra (IceCv)
  12 redbacks
  2 steam dragons
  2 vampire mosquitoes (D:11)
  A spatial vortex (Abyss:4)
  3 swamp worms (Gauntlet)
  A glowing shapeshifter zombie (Vaults:3)
  4 neqoxecs
  10 wargs
  21 nagas
  4 acid dragons
  3 hydra simulacra (IceCv)
  26 hell hounds
  26 water moccasins
  An ice beast (D:6)
  A sky beast (shapeshifter) (D:14)
  A sky beast (D:6)
  14 black bears
  A hornet zombie (D:13)
  21 orc warriors
  An ice dragon simulacrum (D:13)
  3 ogres
  34 wolves
  6 boggarts
  12 centaurs
  A phantom (D:5)
  4 kobold brigands
  4 elf zombies (Elf:1)
  A gnoll sergeant (D:12)
  13 bullfrogs
  3 cane toad simulacra (IceCv)
  3 earth elementals
  2 deep troll simulacra (D:13)
  2 scorpions
  12 wights
  3 killer bees
  2 electric eels (D:15)
  4 howler monkeys
  3 quasits
  A spectral boggart (D:13)
  A jelly (D:4)
  A hound (D:6)
  23 orc priests
  An iguana (D:5)
  An iron imp (Abyss:4)
  2 gnoll boudas
  37 orc wizards
  11 gnolls
  10 adders
  A shadow imp (D:7)
  3 white imps
  3 ufetubi
  4 worms
  2 dart slugs
  68 orcs
  6 ball pythons
  7 endoplasms
  15 giant cockroaches
  6 goblins
  5 hobgoblins
  15 jackals
  21 kobolds
  7 quokkas
  2 bats
  16 frilled lizards
  4 rats
  A bush (Abyss:4)
  A pillar of salt (Vaults:3)
  14 starspawn tentacles
2092 creatures vanquished.

Vanquished Creatures (collateral kills)
  A lich (Depths:2)
  A titan (Depths:3)
  A green draconian (Depths:4)
  A yaktaur captain (Depths:4)
  A rakshasa (Depths:1)
  A salamander tyrant (Snake:4)
  A centaur warrior (Vaults:1)
  A naga warrior (Snake:2)
  A vampire mage (Depths:1)
  A naga sharpshooter (Snake:2)
  A deep elf knight (Elf:2)
  A naga ritualist (Snake:1)
  4 deep elf archers
  4 deep elf zephyrmancers
  A mana viper (Snake:4)
  An ironbound convoker (Vaults:4)
  A deep elf pyromancer (Elf:3)
  2 fauns (Shoals:2)
  A vault sentinel (Vaults:4)
  3 naga magi
  3 yaktaurs
  A hornet (Depths:1)
  A spriggan (Depths:1)
  A water elemental (Shoals:1)
  5 nagas
  A bullfrog (Lair:2)
  2 kobolds (D:4)
43 creatures vanquished.

Vanquished Creatures (others)
  A deep elf elementalist (Elf:3)
  A deep elf knight (Elf:3)
  A deep elf archer (Elf:2)
  A necromancer (Abyss:4)
  A yaktaur (Vaults:1)
  17 dancing weapons
  A saltling (Desolation)
  A snapping turtle (Shoals:2)
  A wolf (Lair:5)
  2 orcs (D:8)
  4 bushes
  13 demonic plants
  31 fungi
  4 lurking horrors
  6 pillars of salt (Vaults:3)
  191 plants
  11 starspawn tentacles
287 creatures vanquished.

Grand Total: 2422 creatures vanquished

Notes
Turn   | Place    | Note
-------+----------+-------------------------------------------
     0 | D:1      | porpoise the Gnoll Enchanter began the quest for the Orb.
     0 | D:1      | Reached XP level 1. HP: 13/13 MP: 6/6
    97 | D:1      | Reached XP level 2. HP: 13/19 MP: 7/7
   110 | D:1      | Learned a level 2 spell: Ensorcelled Hibernation
   636 | D:1      | Reached skill level 5 in Spellcasting
   636 | D:1      | Reached XP level 3. HP: 25/25 MP: 7/9
   640 | D:1      | Learned a level 3 spell: Confusing Touch
   644 | D:1      | Learned a level 3 spell: Tukima's Dance
   648 | D:1      | Learned a level 3 spell: Mephitic Cloud
   676 | D:1      | Found a faded altar of an unknown god.
   805 | D:1      | Found Kimoy's Magic Scroll Shoppe.
  1102 | D:2      | Reached skill level 1 in Invocations
  1193 | D:2      | Reached skill level 1 in Fighting
  1193 | D:2      | Reached skill level 1 in Long Blades
  1193 | D:2      | Reached skill level 1 in Axes
  1193 | D:2      | Reached skill level 1 in Maces & Flails
  1193 | D:2      | Reached skill level 1 in Polearms
  1193 | D:2      | Reached skill level 1 in Staves
  1193 | D:2      | Reached skill level 1 in Ranged Weapons
  1193 | D:2      | Reached skill level 1 in Throwing
  1193 | D:2      | Reached skill level 1 in Armour
  1193 | D:2      | Reached skill level 1 in Shields
  1193 | D:2      | Reached skill level 1 in Unarmed Combat
  1193 | D:2      | Reached skill level 1 in Evocations
  1325 | D:2      | Reached XP level 4. HP: 32/32 MP: 8/11
  1330 | D:2      | Reached skill level 1 in Conjurations
  1330 | D:2      | Reached skill level 1 in Summonings
  1330 | D:2      | Reached skill level 1 in Necromancy
  1330 | D:2      | Reached skill level 1 in Translocations
  1330 | D:2      | Reached skill level 1 in Transmutations
  1330 | D:2      | Reached skill level 1 in Fire Magic
  1330 | D:2      | Reached skill level 1 in Ice Magic
  1330 | D:2      | Reached skill level 1 in Air Magic
  1330 | D:2      | Reached skill level 1 in Earth Magic
  1330 | D:2      | Reached skill level 1 in Poison Magic
  1965 | D:3      | Reached XP level 5. HP: 35/37 MP: 6/12
  2109 | D:3      | Learned a level 3 spell: Vhi's Electric Charge
  2837 | D:4      | Found a glowing drain.
  2869 | Sewer    | Entered a sewer
  3420 | Sewer    | Reached skill level 2 in Invocations
  3586 | Sewer    | Reached skill level 5 in Dodging
  3586 | Sewer    | Reached XP level 6. HP: 44/44 MP: 11/14
  3704 | D:4      | Noticed Grinder
  3726 | D:4      | Paralysed by Grinder for 4 turns
  3733 | D:4      | Killed Grinder
  3734 | D:4      | Reached XP level 7. HP: 12/51 MP: 9/15
  3958 | D:4      | Found a large runed translucent door.
  3959 | D:4      | Found a large runed translucent door.
  4007 | D:4      | Found a shimmering altar of Xom.
  4252 | D:4      | Found a shimmering altar of Xom.
  4256 | D:4      | Found a snail-covered altar of Cheibriados.
  4258 | D:4      | Found a hazy altar of Hepliaklqana.
  4258 | D:4      | Found a bloodstained altar of Trog.
  4258 | D:4      | Found an iron altar of Okawaru.
  4261 | D:4      | Found a broken altar of Ashenzari.
  4271 | D:4      | Found a sacrificial altar of Ru.
  4672 | D:4      | Became a worshipper of Ashenzari the Shackled
  4716 | D:5      | Entered Level 5 of the Dungeon
  4952 | D:5      | Reached skill level 3 in Invocations
  5226 | D:5      | Found a staircase to the Ecumenical Temple.
  5631 | D:5      | Reached XP level 8. HP: 58/58 MP: 14/17
  6775 | D:6      | Reached * piety under Ashenzari
  6832 | D:6      | Reached skill level 4 in Invocations
  7668 | D:7      | Reached XP level 9. HP: 41/68 MP: 11/20
  7974 | D:7      | Reached skill level 5 in Short Blades
  8338 | D:7      | Noticed Pikel
  8350 | D:7      | Killed Pikel
  8351 | D:7      | Reached skill level 5 in Invocations
  9017 | D:8      | Noticed a manticore
  9024 | D:8      | Killed a manticore
  9025 | D:8      | Reached skill level 5 in Fighting
  9025 | D:8      | Reached skill level 5 in Long Blades
  9025 | D:8      | Reached skill level 5 in Axes
  9025 | D:8      | Reached skill level 5 in Maces & Flails
  9025 | D:8      | Reached skill level 5 in Polearms
  9025 | D:8      | Reached skill level 5 in Staves
  9025 | D:8      | Reached skill level 5 in Ranged Weapons
  9025 | D:8      | Reached skill level 5 in Throwing
  9025 | D:8      | Reached skill level 5 in Armour
  9025 | D:8      | Reached skill level 5 in Shields
  9025 | D:8      | Reached skill level 5 in Unarmed Combat
  9025 | D:8      | Reached skill level 5 in Evocations
  9025 | D:8      | Reached XP level 10. HP: 74/74 MP: 21/21
  9042 | D:8      | Found a glowing golden altar of the Shining One.
  9231 | D:8      | Noticed a five-headed hydra
  9244 | D:8      | Killed a five-headed hydra
  9254 | D:8      | Reached skill level 6 in Invocations
  9898 | D:9      | Learned a level 3 spell: Dazzling Flash
 10103 | D:9      | Learned a level 2 spell: Blink
 10156 | D:9      | Noticed Grum
 10188 | D:9      | Noticed Maggie
 10197 | D:9      | HP: 3/79 [Grum/+1 spear of freezing (6)]
 10851 | D:9      | Reached ** piety under Ashenzari
 10878 | D:9      | Killed Grum
 11346 | D:9      | Found a staircase to the Lair.
 11390 | D:9      | Reached skill level 5 in Conjurations
 11390 | D:9      | Reached skill level 5 in Summonings
 11390 | D:9      | Reached skill level 5 in Necromancy
 11390 | D:9      | Reached skill level 5 in Translocations
 11390 | D:9      | Reached skill level 5 in Transmutations
 11390 | D:9      | Reached skill level 5 in Fire Magic
 11390 | D:9      | Reached skill level 5 in Ice Magic
 11390 | D:9      | Reached skill level 5 in Air Magic
 11390 | D:9      | Reached skill level 5 in Earth Magic
 11390 | D:9      | Reached skill level 5 in Poison Magic
 11390 | D:9      | Reached XP level 11. HP: 86/86 MP: 19/24
 11593 | D:10     | Entered Level 10 of the Dungeon
 11802 | D:10     | Found a staircase to the Orcish Mines.
 11952 | D:10     | Identified a scroll of acquirement
 11962 | D:10     | Acquired 620 gold pieces
 12201 | D:10     | Found Roaptiko's Assorted Antiques.
 12204 | D:10     | Bought a runed steel amulet for 135 gold pieces
 12204 | D:10     | Bought a triangular cameo amulet for 135 gold pieces
 12204 | D:10     | Bought a weird jewelled staff for 324 gold pieces
 12204 | D:10     | Bought a potion of berserk rage for 135 gold pieces
 12427 | D:10     | Reached skill level 7 in Invocations
 12664 | D:10     | Noticed a six-headed hydra
 12670 | D:10     | Killed a six-headed hydra
 12835 | Lair:1   | Entered Level 1 of the Lair of Beasts
 13026 | Lair:1   | Noticed a death yak
 13027 | Lair:1   | Noticed a death yak
 13123 | D:9      | Killed a death yak
 13137 | D:9      | Killed a death yak
 13534 | Lair:1   | Reached XP level 12. HP: 34/95 MP: 26/26
 13782 | Lair:1   | Learned a level 5 spell: Arcjolt
 13807 | Lair:1   | Noticed a death yak
 13813 | Lair:1   | Noticed a death yak
 13866 | Lair:1   | Killed a death yak
 13867 | Lair:1   | Reached skill level 8 in Invocations
 13956 | Lair:1   | Killed a death yak
 14913 | Lair:1   | Learned a level 5 spell: Metabolic Englaciation
 14913 | Lair:1   | Upgraded the game from 0.30-a0-857-gcaf70739d4 to
                  | 0.30-a0-859-gf88a04b62d
 15165 | Lair:2   | Found a staircase to the Snake Pit.
 15429 | Lair:2   | Reached *** piety under Ashenzari
 15662 | Lair:2   | Noticed Urug
 15669 | Lair:2   | Killed Urug
 15868 | Lair:2   | Reached skill level 10 in Stealth
 15941 | Lair:2   | Found a staircase to the Shoals.
 16249 | Lair:3   | Learned a level 1 spell: Apportation
 16396 | Lair:3   | Reached XP level 13. HP: 108/108 MP: 26/30
 16535 | Lair:3   | Reached skill level 9 in Invocations
 17142 | Lair:4   | Found a frozen archway.
 17172 | IceCv    | Entered an ice cave
 17741 | Lair:4   | Reached skill level 10 in Spellcasting
 18617 | Lair:4   | Found a staircase to the Slime Pits.
 19419 | D:11     | Reached skill level 10 in Dodging
 19558 | D:11     | Reached **** piety under Ashenzari
 20726 | D:12     | Found a gate leading to a gauntlet.
 20735 | Gauntlet | Entered a Gauntlet
 20735 | Gauntlet | Found a large runed translucent door.
 20735 | Gauntlet | Found a large runed translucent door.
 20735 | Gauntlet | Found a large runed translucent door.
 20735 | Gauntlet | Found a large runed translucent door.
 20735 | Gauntlet | Found a large runed translucent door.
 20735 | Gauntlet | Found a large runed translucent door.
 20735 | Gauntlet | Found a large runed translucent door.
 20735 | Gauntlet | Found a large runed translucent door.
 20735 | Gauntlet | Found a runed translucent door.
 20735 | Gauntlet | Found a runed translucent gate.
 20735 | Gauntlet | Found a transporter.
 20735 | Gauntlet | Found a transporter.
 20735 | Gauntlet | Found a runed translucent gate.
 20735 | Gauntlet | Found a transporter.
 20735 | Gauntlet | Found a transporter.
 20739 | Gauntlet | Found a transporter.
 20740 | Gauntlet | Found a runed translucent gate.
 20740 | Gauntlet | Found a runed translucent door.
 20744 | Gauntlet | Found a large runed translucent door.
 20744 | Gauntlet | Found a large runed translucent door.
 20758 | Gauntlet | Found a transporter.
 20759 | Gauntlet | Found a transporter.
 20765 | Gauntlet | Found a transporter.
 20773 | Gauntlet | Found a transporter.
 20791 | Gauntlet | Found a transporter.
 20799 | Gauntlet | Found a transporter.
 20817 | Gauntlet | Found a transporter.
 20841 | Gauntlet | Found a large runed translucent door.
 20841 | Gauntlet | Found a large runed translucent door.
 20842 | Gauntlet | Found a large runed translucent door.
 20842 | Gauntlet | Found a large runed translucent door.
 20843 | Gauntlet | Found a large runed translucent door.
 20843 | Gauntlet | Found a large runed translucent door.
 21019 | Gauntlet | Acquired a book of Spectacle
 21026 | Gauntlet | Learned a level 4 spell: Iskenderun's Mystic Blast
 21095 | Gauntlet | Noticed a minotaur
 21115 | Gauntlet | Killed a minotaur
 21116 | Gauntlet | Reached skill level 10 in Invocations
 21116 | Gauntlet | Reached XP level 14. HP: 30/114 MP: 30/33
 21758 | D:12     | Identified the +1 scale mail of Slovenliness {Str+6 Dex+2}
 22941 | D:13     | Reached skill level 10 in Short Blades
 23816 | D:13     | Noticed Azrael
 23847 | D:13     | Killed Azrael
 23848 | D:13     | Reached skill level 10 in Hexes
 24286 | D:13     | Reached skill level 10 in Fighting
 24286 | D:13     | Reached skill level 10 in Long Blades
 24286 | D:13     | Reached skill level 10 in Axes
 24286 | D:13     | Reached skill level 10 in Maces & Flails
 24286 | D:13     | Reached skill level 10 in Polearms
 24286 | D:13     | Reached skill level 10 in Staves
 24286 | D:13     | Reached skill level 10 in Ranged Weapons
 24286 | D:13     | Reached skill level 10 in Throwing
 24286 | D:13     | Reached skill level 10 in Armour
 24286 | D:13     | Reached skill level 10 in Shields
 24286 | D:13     | Reached skill level 10 in Unarmed Combat
 24286 | D:13     | Reached skill level 10 in Evocations
 24311 | D:13     | Learned a level 5 spell: Summon Mana Viper
 24737 | D:13     | Reached XP level 15. HP: 73/127 MP: 31/34
 24751 | D:13     | Reached skill level 11 in Invocations
 25142 | D:13     | Found a basalt altar of Yredelemnul.
 26395 | D:14     | Found the +10 morningstar "Eos" {elec, Halo rElec}
 26591 | D:14     | Found a gate to the Vaults.
 27307 | D:15     | Entered Level 15 of the Dungeon
 27732 | D:15     | Found a staircase to the Depths.
 28939 | Orc:1    | Entered Level 1 of the Orcish Mines
 29472 | Orc:1    | Paralysed by an orc sorcerer for 4 turns
 29750 | Orc:1    | Found Onumaec's Armour Shoppe.
 29787 | Orc:2    | Entered Level 2 of the Orcish Mines
 29787 | Orc:2    | Found a staircase to the Elven Halls.
 30577 | Orc:2    | Found Binif's General Store.
 30580 | Orc:2    | Found Zaebidip's Specific Store.
 30652 | Orc:2    | Bought a potion of berserk rage for 80 gold pieces
 31404 | Orc:2    | Reached XP level 16. HP: 136/136 MP: 33/36
 31493 | Orc:2    | Found Kagigg's Armour Boutique.
 31493 | Orc:2    | Found Heuf's Distillery.
 31494 | Orc:2    | Found Runicl Vuzu's Antique Weapon Shop.
 31499 | Orc:2    | Found Amamo's Armour Boutique.
 31583 | Orc:2    | Bought the +1 robe "Daso" {rElec Archmagi} for 572 gold
                  | pieces
 31583 | Orc:2    | Bought the +5 pair of boots of Modesty {rCorr Str+3} for
                  | 822 gold pieces
 31593 | Orc:2    | Reached ***** piety under Ashenzari
 31603 | Orc:2    | Bought a +2 helmet of intelligence for 258 gold pieces
 31614 | Orc:2    | Bought a potion of magic for 88 gold pieces
 31614 | Orc:2    | Bought a potion of berserk rage for 55 gold pieces
 31614 | Orc:2    | Bought a potion of haste for 110 gold pieces
 31614 | Orc:2    | Bought a potion of haste for 110 gold pieces
 31614 | Orc:2    | Bought a potion of curing for 33 gold pieces
 31614 | Orc:2    | Bought a potion of curing for 33 gold pieces
 31614 | Orc:2    | Bought a potion of cancellation for 88 gold pieces
 31841 | Lair:5   | Entered Level 5 of the Lair of Beasts
 32503 | Lair:5   | Reached skill level 12 in Invocations
 33395 | Lair:5   | Identified the +6 chain mail of Responsibility {rC+ rN+
                  | Int-4 Stlth+}
 34538 | Lair:5   | Learned a level 6 spell: Iron Shot
 34635 | Lair:5   | Identified the +3 short sword "Focrad" {holy, +Blink rPois}
 34923 | Snake:1  | Entered Level 1 of the Snake Pit
 34937 | Snake:1  | Identified the +9 quarterstaff "Dogyrao" {heavy, Str+3
                  | Stlth+}
 35172 | Snake:1  | Found Moven's Antique Armour Shop.
 35209 | Snake:1  | HP: 5/136 [naga sharpshooter/arrow (10)]
 35482 | Snake:1  | Found Reni's Distillery.
 35486 | Snake:1  | Found Bussur's Assorted Antiques.
 35492 | Snake:1  | Bought a potion of heal wounds for 95 gold pieces
 35492 | Snake:1  | Bought a potion of curing for 57 gold pieces
 35492 | Snake:1  | Found Haics's Jewellery Boutique.
 35956 | Snake:1  | Upgraded the game from 0.30-a0-859-gf88a04b62d to
                  | 0.30-a0-862-g1aabd4f9c5
 36302 | Snake:1  | Found Keadwakloi's Magic Scroll Shop.
 37496 | Snake:2  | Reached XP level 17. HP: 142/142 MP: 5/37
 38724 | Snake:3  | Reached skill level 10 in Conjurations
 38724 | Snake:3  | Reached skill level 10 in Summonings
 38724 | Snake:3  | Reached skill level 10 in Necromancy
 38724 | Snake:3  | Reached skill level 10 in Translocations
 38724 | Snake:3  | Reached skill level 10 in Transmutations
 38724 | Snake:3  | Reached skill level 10 in Fire Magic
 38724 | Snake:3  | Reached skill level 10 in Ice Magic
 38724 | Snake:3  | Reached skill level 10 in Air Magic
 38724 | Snake:3  | Reached skill level 10 in Earth Magic
 38724 | Snake:3  | Reached skill level 10 in Poison Magic
 39457 | Snake:3  | Reached skill level 13 in Invocations
 39493 | Snake:3  | Identified the +6 broad axe "Dillihod" {freeze, rPois MP-9
                  | SInv}
 40512 | Snake:4  | Entered Level 4 of the Snake Pit
 41006 | Snake:4  | Noticed Mlioglotl
 41023 | Snake:4  | Killed Mlioglotl
 41226 | Snake:4  | Found Tisaul's Antique Weapon Emporium.
 41228 | Snake:4  | Found Yreusuf's General Store.
 41230 | Snake:4  | Found Pewinar's Antique Weapon Emporium.
 41236 | Snake:4  | Bought a potion of heal wounds for 90 gold pieces
 41236 | Snake:4  | Bought a scroll of teleportation for 54 gold pieces
 42189 | Snake:4  | Reached XP level 18. HP: 95/151 MP: 6/39
 42403 | Snake:4  | Noticed a quicksilver dragon
 42403 | Snake:4  | Noticed a quicksilver dragon
 42408 | Snake:4  | Killed a quicksilver dragon
 42408 | Snake:4  | Killed a quicksilver dragon
 42467 | Snake:4  | Got a serpentine rune of Zot
 42642 | Shoals:1 | Entered Level 1 of the Shoals
 42797 | Shoals:1 | Found a shimmering altar of Xom.
 43124 | Shoals:1 | Identified the Meditations on Spellbinding and the Barrage
 43142 | Shoals:1 | Learned a level 5 spell: Freezing Cloud
 43287 | Shoals:1 | Found a transporter.
 43340 | Shoals:1 | Identified the ring of Ymiehaff {rElec Str-2 Int+6 SInv}
 43341 | Shoals:1 | Found a transporter.
 45257 | Shoals:2 | Reached skill level 14 in Invocations
 46099 | Shoals:3 | Noticed Polyphemus
 46107 | Shoals:3 | Killed Polyphemus
 47472 | Shoals:4 | Entered Level 4 of the Shoals
 47646 | Shoals:4 | Noticed Ilsuiw
 47694 | Shoals:4 | Killed Ilsuiw
 48010 | Shoals:4 | Reached XP level 19. HP: 128/162 MP: 36/41
 48319 | Shoals:4 | Got a barnacled rune of Zot
 48653 | Shoals:4 | Identified the +7 morningstar of Yruy {heavy, +Blink rElec}
 49597 | D:9      | Killed Maggie
 49752 | Depths:1 | Entered Level 1 of the Depths
 49814 | Vaults:1 | Entered Level 1 of the Vaults
 50399 | Vaults:1 | Learned a level 5 spell: Fireball
 50402 | Vaults:1 | Learned a level 2 spell: Lesser Beckoning
 50627 | Snake:1  | Bought a scroll of enchant armour for 277 gold pieces
 50675 | Snake:1  | Bought a scroll of enchant armour for 90 gold pieces
 50741 | Snake:4  | Bought a scroll of enchant armour for 135 gold pieces
 51159 | Vaults:1 | Learned a level 4 spell: Manifold Assault
 51279 | Vaults:1 | Found the +5 Lochaber axe {reach-cleave, Poleaxe Drain}
 52047 | Vaults:1 | Reached skill level 15 in Invocations
 52079 | Vaults:1 | Reached skill level 15 in Stealth
 52093 | Vaults:1 | HP: 10/238 [ironbound convoker/+0 dire flail[a vault
                  | warden] (15)]
 52443 | Vaults:1 | Reached XP level 20. HP: 118/167 MP: 11/41
 53441 | Vaults:2 | Found Fenwoi Odouw's Armour Shop.
 53465 | Vaults:2 | Bought a +2 cloak for 313 gold pieces
 53681 | Vaults:2 | Identified the +4 plate armour of Instinct {Rampage rF+ rC+
                  | SInv}
 53740 | Vaults:2 | Found a staircase to the Crypt.
 54161 | Vaults:2 | Reached skill level 15 in Spellcasting
 55613 | Vaults:2 | Found Wamaosung's Magic Scroll Shop.
 55647 | Vaults:2 | Bought a scroll of enchant armour for 157 gold pieces
 56018 | Lair:1   | Upgraded the game from 0.30-a0-862-g1aabd4f9c5 to
                  | 0.30-a0-867-g305f33218d
 56446 | Vaults:3 | Reached skill level 15 in Dodging
 56572 | Vaults:3 | Found a crumbling gateway.
 56650 | Desolati | Entered the Desolation of Salt
 57877 | Desolati | Reached XP level 21. HP: 172/172 MP: 19/42
 58226 | Desolati | Identified Sif Muna's Compendium of Fulgurant Hurting
 58244 | Desolati | Identified the +9 plate armour of the Original Sin {Will+}
 58253 | Desolati | Identified the Elucidation of Quantum Oxidation
 58277 | Desolati | Identified Eringya's Grimoire of Evolving Filth
 58278 | Desolati | Identified the amulet "Xegoup" {Faith +Blink rElec Will+
                  | Dex-4}
 58343 | Desolati | Identified the ring "Laerr" {Fly rC+}
 58348 | Desolati | Identified the ring "Noanynu" {Drain rC+ Str+3 Int+4}
 58354 | Desolati | Identified the Spellbook of Locality
 58356 | Desolati | Identified the Anthology of Shapes
 59455 | Snake:1  | Bought a glowing troll leather armour for 576 gold pieces
 60070 | Vaults:3 | Reached skill level 16 in Invocations
 60249 | Vaults:3 | Reached skill level 15 in Short Blades
 61877 | D:1      | Bought a scroll of amnesia for 56 gold pieces
 61877 | D:1      | Bought a scroll of amnesia for 56 gold pieces
 62155 | Snake:1  | Bought a scroll of amnesia for 48 gold pieces
 62332 | Lair:1   | Learned a level 7 spell: Orb of Destruction
 63028 | Vaults:4 | Reached skill level 15 in Fighting
 63028 | Vaults:4 | Reached skill level 15 in Long Blades
 63028 | Vaults:4 | Reached skill level 15 in Axes
 63028 | Vaults:4 | Reached skill level 15 in Maces & Flails
 63028 | Vaults:4 | Reached skill level 15 in Polearms
 63028 | Vaults:4 | Reached skill level 15 in Staves
 63028 | Vaults:4 | Reached skill level 15 in Ranged Weapons
 63028 | Vaults:4 | Reached skill level 15 in Throwing
 63028 | Vaults:4 | Reached skill level 15 in Armour
 63028 | Vaults:4 | Reached skill level 15 in Shields
 63028 | Vaults:4 | Reached skill level 15 in Unarmed Combat
 63028 | Vaults:4 | Reached skill level 15 in Evocations
 63228 | Vaults:4 | Noticed Xtahua
 63234 | Vaults:4 | Killed Xtahua
 65037 | Elf:1    | Entered Level 1 of the Elven Halls
 65506 | Elf:1    | Noticed Frances
 65510 | Elf:1    | Reached XP level 22. HP: 181/181 MP: 35/43
 65522 | Elf:1    | Killed Frances
 65729 | Elf:1    | Noticed Jorgrun
 65752 | Elf:1    | Killed Jorgrun
 66081 | Elf:1    | Paralysed by an air elemental for 1 turns
 66443 | Elf:1    | Identified the Quarto of the Grave
 66625 | Elf:1    | Noticed Donald
 66632 | Elf:1    | Killed Donald
 66920 | Elf:2    | Paralysed by an air elemental for 1 turns
 67368 | Elf:2    | Learned a level 8 spell: Discord
 67390 | Elf:2    | Paralysed by an air elemental for 1 turns
 67513 | Elf:2    | Identified the +8 long sword "Eviscerator" {vamp, rPois rC-
                  | rN+ Dex+6}
 67955 | Elf:2    | Found a runed translucent gate.
 67966 | Elf:2    | Found a runed translucent gate.
 67967 | Elf:2    | Found a runed translucent gate.
 68167 | Elf:1    | Found an ancient bone altar of Kikubaaqudgha.
 68207 | Elf:2    | Found Xyeditet's Book Shoppe.
 68207 | Elf:2    | Found Seompyah's Jewellery Boutique.
 68208 | Elf:2    | Found Ynagav's Jewellery Boutique.
 69490 | Elf:3    | Entered Level 3 of the Elven Halls
 69690 | Lair:1   | Gained mutation: You are clumsy. (Dex -2) [potion of
                  | mutation]
 69690 | Lair:1   | Gained mutation: You are partially covered in iridescent
                  | scales. (AC +2) [potion of mutation]
 69691 | Lair:1   | Lost mutation: You are clumsy. (Dex -2) [potion of
                  | mutation]
 69691 | Lair:1   | Lost mutation: You are partially covered in iridescent
                  | scales. (AC +2) [potion of mutation]
 69691 | Lair:1   | Gained mutation: Your body sometimes deteriorates upon
                  | taking damage. [potion of mutation]
 69691 | Lair:1   | Gained mutation: You are weak. (Str -2) [potion of
                  | mutation]
 69692 | Lair:1   | Lost mutation: Your body sometimes deteriorates upon taking
                  | damage. [potion of mutation]
 69692 | Lair:1   | Lost mutation: You are weak. (Str -2) [potion of mutation]
 69692 | Lair:1   | Gained mutation: You are partially covered in iridescent
                  | scales. (AC +2) [potion of mutation]
 69692 | Lair:1   | Gained mutation: You are mostly covered in iridescent
                  | scales. (AC +4) [potion of mutation]
 69824 | Abyss:2  | Cast into level 2 of the Abyss (a deep elf sorcerer)
 69829 | Abyss:2  | Found a corrupted altar of Lugonu.
 69883 | Abyss:2  | Found a corrupted altar of Lugonu.
 69887 | Abyss:2  | Found a corrupted altar of Lugonu.
 70013 | Abyss:2  | Reached skill level 17 in Invocations
 70523 | Elf:2    | Escaped the Abyss
 70727 | Abyss:3  | Found a corrupted altar of Lugonu.
 70727 | Abyss:3  | Cast into level 3 of the Abyss (a deep elf sorcerer)
 70863 | Abyss:3  | Got an abyssal rune of Zot
 70909 | Elf:2    | Escaped the Abyss
 71300 | Abyss:3  | Cast into level 3 of the Abyss (a deep elf demonologist)
 71363 | Elf:3    | Escaped the Abyss
 71474 | Elf:3    | Paralysed by an air elemental for 1 turns
 72065 | Elf:3    | Reached XP level 23. HP: 179/194 MP: 9/46
 72276 | Elf:3    | Noticed Louise
 72283 | Elf:3    | Killed Louise
 73052 | Elf:3    | Noticed Asterion
 73058 | Elf:3    | Killed Asterion
 73972 | Elf:3    | Identified the ring "Usiaj" {Dex+6 Stlth+}
 74336 | Elf:3    | Identified the ring of Fiwicufi {rElec rN+ SInv}
 74590 | Elf:3    | Identified the +5 war axe of Okawaru {flame, Will+ Str+4
                  | SInv}
 74599 | Elf:3    | Identified the +5 halberd of Tumult {drain, Will+}
 74968 | Elf:3    | Identified the +5 hand axe "Benwuagg" {venom, MP+9 Str-5
                  | Int+2}
 75515 | Elf:3    | Identified the +2 leather armour of the Undertaker {Str+3}
 75810 | Lair:1   | Learned a level 7 spell: Haunt
 76313 | Elf:3    | Identified the +1 helmet of Makhleb's Supremacy {Int+2
                  | Slay+3}
 76319 | Elf:3    | Identified the ring of Xuotatt {+Blink rElec rN++ rCorr
                  | Str-2}
 76609 | Elf:3    | Identified the Volume of Freezing Gases
 80185 | Depths:1 | Reached skill level 15 in Hexes
 80347 | Depths:1 | Found a gateway to Hell.
 81096 | Depths:2 | Reached skill level 18 in Invocations
 81096 | Depths:2 | Reached XP level 24. HP: 173/199 MP: 33/46
 81333 | Depths:2 | Found a one-way gate leading to the halls of Pandemonium.
 81990 | Depths:2 | Upgraded the game from 0.30-a0-867-g305f33218d to
                  | 0.30-a0-870-gc5d4c5acee
 83845 | Depths:3 | Noticed a caustic shrike
 83847 | Depths:3 | Noticed a caustic shrike
 83867 | Depths:3 | Killed a caustic shrike
 84041 | Depths:3 | Noticed a juggernaut
 84235 | Depths:3 | Killed a caustic shrike
 84615 | Depths:3 | Identified the +8 halberd of Wijuwn {holy, rC- Str+8 SInv
                  | Stlth+}
 85078 | Depths:3 | Found an opulent altar of Gozag.
 85820 | Depths:3 | Found a one-way gate to the infinite horrors of the Abyss.
 86172 | Depths:4 | Entered Level 4 of the Depths
 86172 | Depths:4 | Identified the +8 scale mail of the Pits of Slime {rCorr
                  | Int+2 Dex+3}
 86194 | Depths:4 | Found a one-way gateway to a ziggurat.
 86974 | Depths:4 | Found a gate to the Realm of Zot.
 88200 | Depths:4 | Reached XP level 25. HP: 122/210 MP: 37/47
 88983 | Depths:3 | Killed a juggernaut
 89141 | Depths:3 | Voluntarily entered the Abyss.
 89141 | Abyss:3  | Found a corrupted altar of Lugonu.
 89474 | Abyss:4  | Found a corrupted altar of Lugonu.
 89610 | Abyss:4  | Found a corrupted altar of Lugonu.
 89702 | Abyss:4  | Paralysed by accursed screaming for 1 turns
 89705 | Abyss:4  | Paralysed by accursed screaming for 1 turns
 89825 | Abyss:4  | Paralysed by accursed screaming for 1 turns
 89831 | Abyss:4  | Paralysed by accursed screaming for 2 turns
 89833 | Abyss:4  | HP: 8/210 [bone dragon (6)]
 89852 | Depths:3 | Escaped the Abyss
 90058 | Depths:3 | Voluntarily entered the Abyss.
 90148 | Depths:3 | Escaped the Abyss
 90270 | Depths:3 | Voluntarily entered the Abyss.
 90485 | Abyss:4  | Gained mutation: You are vulnerable to cold. (rC-) [a
                  | neqoxec]
 90488 | Abyss:4  | Gained mutation: Armour fits poorly on your strangely
                  | shaped body. [a neqoxec]
 90504 | Depths:3 | Escaped the Abyss
 90542 | Depths:3 | Voluntarily entered the Abyss.
 90543 | Abyss:4  | Found a corrupted altar of Lugonu.
 90893 | Abyss:4  | Reached skill level 19 in Invocations
 90985 | Depths:3 | Escaped the Abyss
 91142 | Depths:3 | Voluntarily entered the Abyss.
 91314 | Abyss:4  | Reached skill level 15 in Conjurations
 91314 | Abyss:4  | Reached skill level 15 in Summonings
 91314 | Abyss:4  | Reached skill level 15 in Necromancy
 91314 | Abyss:4  | Reached skill level 15 in Translocations
 91314 | Abyss:4  | Reached skill level 15 in Transmutations
 91314 | Abyss:4  | Reached skill level 15 in Fire Magic
 91314 | Abyss:4  | Reached skill level 15 in Ice Magic
 91314 | Abyss:4  | Reached skill level 15 in Air Magic
 91314 | Abyss:4  | Reached skill level 15 in Earth Magic
 91314 | Abyss:4  | Reached skill level 15 in Poison Magic
 91511 | Abyss:4  | Paralysed by you for 3 turns
 91671 | Abyss:4  | Slain by a white very ugly thing

Illustrated notes

Levels and vault maps discovered:
D:1:      wander_arrival_chamber, layout_basic,
          shapermc_ecumenical_altar_mp_vishouse, serial_shops,
          nicolae_diamond_shop
D:2:      layout_rooms, serial_curves, eino_curves_01, eino_curves_02
D:3:      layout_loops_ring, minmay_cupped
D:4:      due_chaos_kobolds, layout_basic, minitemple, portal_sewer_entry_d,
          uniq_grinder
D:5:      layout_layer_cave, minmay_temple_entry_hall, minmay_misc_feat_chi,
          grunt_ministairs_15, minmay_holes, minivault_26
D:6:      layout_basic
D:7:      layout_basic, uniq_pikel
D:8:      layout_rooms, lemuel_doored_altar
D:9:      layout_rooms, lair_entry_dummy, lemuel_flamethrower_1, uniq_maggie,
          uniq_grum
D:10:     kennysheep_windowed_halls, layout_cave_pools,
          minmay_orc_entry_temple_small, serial_shops, nicolae_shop_behind_doors
D:11:     layout_layer_cave
D:12:     layout_long_grid, gauntlet_entry_generic, serial_demonic,
          serial_demonic_g, serial_demonic_a, serial_demonic_c,
          serial_demonic_g, grunt_tough_drop
D:13:     lemuel_vampire_tower, layout_basic, minmay_joined_circles, uniq_azrael
D:14:     layout_basic, david_vaults_1, hangedman_decor_diamond_cutter,
          grunt_ogre_cave, kennysheep_generic_room_11
D:15:     grunt_enter_depths_giant_problem, layout_basic, serial_bayou,
          serial_bayou_ford_a, serial_bayou_shore_b, serial_bayou_pond_e,
          serial_bayou_pond_e
Lair:1:   layout_layer_cave, serial_bayou_shore_b
Lair:2:   layout_regular_city, minmay_shoals_entry_beasts,
          minmay_snake_entry_guardpost_small, hangedman_lair_unloving_vines,
          uniq_urug
Lair:3:   layout_roguey, lemuel_old_faithful
Lair:4:   layout_cave_pods, minmay_slime_entry_oklob_enclosed,
          portal_ice_cave_rime, forest_entry_grove
Lair:5:   hangedman_lair_caniforms_friends, layout_regular_city,
          hangedman_lair_tendril_chambers, st_stairs_4
Shoals:1: gammafunk_sealed_arena, layout_shoals, lemuel_altar_in_water
Shoals:2: layout_shoals
Shoals:3: layout_shoals, nicolae_shoals_bring_sunscreen, uniq_polyphemus
Shoals:4: shoals_end_simple, layout_shoals, shoals_ilsuiw_ice
Snake:1:  layout_layer_cave, serial_shops, nicolae_shop_hallway_plus,
          st_stairs_8, minmay_shoptagon
Snake:2:  layout_cave_town
Snake:3:  layout_honeycomb
Snake:4:  hellmonk_snake_rune_quicksilver_temple, layout_cave_shapes,
          minmay_shop_star, uniq_mlioglotl
Orc:1:    layout_diamond_mine, serial_shops, nicolae_shop_waterfront
Orc:2:    st_orc_mages, layout_caves, nicolae_specific_store
Elf:1:    layout_loops_corners, minmay_elf_necromancy, hex_medium, drop_trap,
          lemuel_upstairs_altar, uniq_frances, uniq_donald, uniq_jorgrun
Elf:2:    elven_hall_of_blades_hangedman_original [mumra_blade_entry_bloodbath],
          layout_gridlike, hangedman_elf_represent, minmay_shop_grove
Elf:3:    nooodl_elf_gasket, layout_onion_city, uniq_louise, uniq_asterion
Vaults:1: vaults_room_grid, nicolae_vaults_network_s, ontoclasm_vaults_spin,
          nicolae_vaults_border_crossing, hangedman_vaults_pinch,
          nicolae_vaults_alarming, v_pattern_4, nicolae_vaults_know_your_exits,
          vaults_mumra_chevron, grunt_vaults_bifocal, layout_vaults_omnibox
Vaults:2: nicolae_vaults_three_branches, v_misc_29, blue_anna_dwarven_crypt,
          v_misc_26, vaults_room_grid, ontoclasm_vaults_ligature,
          vaults_dpeg_cross, ontoclasm_vaults_claustrophobia, v_misc_12,
          layout_vaults_omnigrid, serial_shops, shop_coins, nicolae_square_shop
Vaults:3: portal_desolation_entry_garden, nicolae_vaults_twisting_passages,
          hangedman_vaults_nodes, ontoclasm_vaults_pinch,
          nicolae_vaults_asterisk, vaults_room_ringed_pool,
          nicolae_vaults_sealed_display, nicolae_vaults_shelves_hall,
          nicolae_vaults_diagonal_hallway_8, grunt_vaults_diagonal,
          nicolae_vaults_little_squares_3, v_misc_11, v_misc_24,
          layout_vaults_big_room
Vaults:4: st_cross, ontoclasm_vaults_ring_square, v_misc_4, vaults_dpeg_hooks,
          nicolae_vaults_little_squares_6, ontoclasm_vaults_chip,
          nicolae_vaults_little_squares_3, v_alt_pattern_1, v_rooms_4,
          nicolae_vaults_mini_display_case, v_misc_14, vaults_mumra_minichess,
          v_misc_30, layout_vaults_maze, serial_shops, bzr_entry_safe,
          uniq_xtahua
Depths:1: layout_twisted_cross, kennysheep_small_spiral, hellmouth_1,
          serial_bayou, serial_bayou_shore_b, serial_bayou_lake_a,
          serial_bayou_shore_b, serial_bayou_pond_d, kennysheep_potato
Depths:2: minmay_the_grid_triangle_9x9_rhombus_thin_mashed
          [minmay_the_grid_triangle_9x9_corruption,
          minmay_the_grid_triangle_9x9_prize_top_heavy,
          minmay_the_grid_triangle_9x9_sparse_checkered,
          minmay_the_grid_triangle_9x9_empty], layout_cave_shapes, hell_entry,
          nicolae_eternal_life, grunt_pan_entry_sceptre, minmay_misc_feat_iff
Depths:3: minmay_crescents, layout_honeycomb, grunt_hell_entry_dis_grunt,
          nicolae_gozag_seed_capital, abyss_entry, nicolae_water_bricks,
          infiniplex_staircase_pool_lava
Depths:4: evilmike_zot_entry_hall, layout_basic, enter_ziggurat_a,
          grunt_decor_arrowhead, nicolae_hell_entry_hellmouth_sunbeams
Abyss:4:  base: D:12, evilmike_abyss_exit_4, base: D:10, due_exit_kobolds,
          evilmike_abyss_exit_15, base: D:2, evilmike_abyss_exit_6, minivault_5,
          evilmike_abyss_exit_12, evilmike_abyss_exit_plants, base: Depths:2,
          base: D:8, hangedman_abyss_sting, evilmike_abyss_exit_4,
          hangedman_stitches_earthworm, evilmike_abyss_exit_4,
          spicy_abyss_unhelpful_harpoons, hangedman_abyss_or_decor_lesser_grid,
          base: D:8, hangedman_abyss_shoalhut, bh_abyss_xom_lugonu_altar,
          bh_abyss_exit_spiral

Skill      XL: |  1  2  3  4  5  6  7  8  9 10 11 12 13 14 15 16 17 18 19 20 21 22 23 24 25 |
---------------+----------------------------------------------------------------------------+-----
Spellcasting   | 5 6 7 8 9 10 11 12 13 14 15 16 17 18 | 18.2
Stealth        | 6 7 8 9 10 11 12 13 14 15 16 17 18 | 18.5
Invocations    | 1 2 3 4 5 6 7 8 10 11 12 13 14 15 16 17 18 19 | 19.1
Fighting       | 1 2 3 4 5 6 7 8 9 10 11 12 13 14 15 16 17 | 17.6
Long Blades    | 1 2 3 4 5 6 7 8 9 10 11 12 13 14 15 16 17 | 17.6
Axes           | 1 2 3 4 5 6 7 8 9 10 11 12 13 14 15 16 17 | 17.6
Maces & Flails | 1 2 3 4 5 6 7 8 9 10 11 12 13 14 15 16 17 | 17.6
Polearms       | 1 2 3 4 5 6 7 8 9 10 11 12 13 14 15 16 17 | 17.6
Staves         | 1 2 3 4 5 6 7 8 9 10 11 12 13 14 15 16 17 | 17.6
Ranged Weapons | 1 2 3 4 5 6 7 8 9 10 11 12 13 14 15 16 17 | 17.6
Throwing       | 1 2 3 4 5 6 7 8 9 10 11 12 13 14 15 16 17 | 17.6
Armour         | 1 2 3 4 5 6 7 8 9 10 11 12 13 14 15 16 17 | 17.6
Shields        | 1 2 3 4 5 6 7 8 9 10 11 12 13 14 15 16 17 | 17.6
Unarmed Combat | 1 2 3 4 5 6 7 8 9 10 11 12 13 14 15 16 17 | 17.6
Evocations     | 1 2 3 4 5 6 7 8 9 10 11 12 13 14 15 16 17 | 17.6
Conjurations   | 1 2 3 4 5 6 7 8 9 10 11 12 13 14 15 | 15.0
Summonings     | 1 2 3 4 5 6 7 8 9 10 11 12 13 14 15 | 15.0
Necromancy     | 1 2 3 4 5 6 7 8 9 10 11 12 13 14 15 | 15.0
Translocations | 1 2 3 4 5 6 7 8 9 10 11 12 13 14 15 | 15.0
Transmutations | 1 2 3 4 5 6 7 8 9 10 11 12 13 14 15 | 15.0
Fire Magic     | 1 2 3 4 5 6 7 8 9 10 11 12 13 14 15 | 15.0
Ice Magic      | 1 2 3 4 5 6 7 8 9 10 11 12 13 14 15 | 15.0
Air Magic      | 1 2 3 4 5 6 7 8 9 10 11 12 13 14 15 | 15.0
Earth Magic    | 1 2 3 4 5 6 7 8 9 10 11 12 13 14 15 | 15.0
Poison Magic   | 1 2 3 4 5 6 7 8 9 10 11 12 13 14 15 | 15.0
Short Blades   | 3 4 5 6 7 8 9 10 11 12 13 14 15 16 17 | 17.8
Dodging        | 5 6 7 8 9 10 11 12 13 14 15 16 17 18 | 18.1
Hexes          | 6 7 8 9 10 11 12 13 14 15 | 15.9

Action                     |  1- 3 |  4- 6 |  7- 9 | 10-12 | 13-15 | 16-18 | 19-21 | 22-24 | 25-27 || total
---------------------------+-------+-------+-------+-------+-------+-------+-------+-------+-------++-------
  Melee: Dagger            |    85 |   120 |   218 |   483 |  1057 |   811 |       |       |       ||  2774
         Bite              |     8 |    12 |    44 |    71 |   215 |   268 |   319 |   400 |   192 ||  1529
         Short sword       |       |    48 |   130 |     4 |       |       |       |       |       ||   182
         Punch             |       |     2 |    18 |    36 |     5 |       |       |       |       ||    61
         Unarmed           |       |       |       |     1 |       |       |       |       |       ||     1
         Broad axe         |       |       |       |       |   202 |   113 |       |       |       ||   315
         Morningstar       |       |       |       |       |     7 |   277 |   222 |       |       ||   506
         Rapier            |       |       |       |       |       |   254 |  1228 |  1603 |   338 ||  3423
         Quick blade       |       |       |       |       |       |       |       |   113 |   170 ||   283
         Staff             |       |       |       |       |       |       |       |     4 |    84 ||    88
         Scimitar          |       |       |       |       |       |       |       |       |   172 ||   172
  Throw: Dart              |     2 |       |       |    42 |     3 |     5 |     8 |    22 |       ||    82
         Throwing net      |       |       |       |     1 |       |       |       |     4 |     1 ||     6
   Cast: Ensorcelled Hiber |    15 |    49 |    40 |    79 |   147 |   201 |   104 |   100 |     5 ||   740
         Confusing Touch   |     2 |     4 |    16 |    17 |    99 |    44 |    76 |   165 |    48 ||   471
         Mephitic Cloud    |       |       |       |    26 |    33 |    24 |    33 |    12 |       ||   128
         Vhi's Electric Ch |       |       |       |     5 |       |       |       |       |       ||     5
         Dazzling Flash    |       |       |       |     6 |     1 |     4 |       |       |       ||    11
         Blink             |       |       |       |     2 |       |     1 |     1 |     5 |       ||     9
         Tukima's Dance    |       |       |       |     8 |       |    35 |    25 |    75 |       ||   143
         Metabolic Englaci |       |       |       |       |     3 |     6 |     2 |     1 |       ||    12
         Iskenderun's Myst |       |       |       |       |     4 |       |       |       |       ||     4
         Arcjolt           |       |       |       |       |    15 |    42 |    96 |    67 |    21 ||   241
         Iron Shot         |       |       |       |       |       |    10 |    33 |   149 |    29 ||   221
         Summon Mana Viper |       |       |       |       |       |    17 |     3 |     3 |       ||    23
         Freezing Cloud    |       |       |       |       |       |    12 |     7 |       |       ||    19
         Manifold Assault  |       |       |       |       |       |       |    16 |       |       ||    16
         Fireball          |       |       |       |       |       |       |    11 |     8 |       ||    19
         Lesser Beckoning  |       |       |       |       |       |       |     5 |       |       ||     5
         Apportation       |       |       |       |       |       |       |     1 |       |       ||     1
         Orb of Destructio |       |       |       |       |       |       |       |   100 |     2 ||   102
         Discord           |       |       |       |       |       |       |       |     2 |       ||     2
         Haunt             |       |       |       |       |       |       |       |       |     1 ||     1
 Invoke: Curse Item        |       |       |     2 |     4 |     4 |     4 |     3 |     4 |       ||    21
         Shatter the Chain |       |       |     1 |       |     2 |     3 |     5 |     4 |       ||    15
  Evoke: Phantom mirror    |       |       |       |     2 |       |       |       |     2 |       ||     4
         Wand              |       |       |       |     5 |     6 |     9 |     8 |    19 |     4 ||    51
         Piece from Xom's  |       |       |       |       |     1 |       |       |       |       ||     1
         Box of beasts     |       |       |       |       |       |       |     1 |     1 |       ||     2
         Tin of tremorston |       |       |       |       |       |       |       |     4 |       ||     4
         Lightning rod     |       |       |       |       |       |       |       |       |     4 ||     4
    Use: Scroll            |       |     4 |     8 |     6 |     9 |    11 |    19 |    13 |     4 ||    74
         Potion            |       |     1 |       |     3 |     6 |     8 |     6 |    12 |     5 ||    41
   Stab: Sleeping          |    18 |    41 |    29 |    57 |   104 |   148 |    61 |    56 |     3 ||   517
         Distracted        |     1 |       |     1 |     1 |     4 |    13 |     7 |    12 |     4 ||    43
         Confused          |     1 |     4 |    13 |    45 |   123 |    93 |   139 |   141 |    35 ||   594
         Invisible         |       |       |       |     4 |    15 |     2 |     2 |     1 |       ||    24
         Paralysed         |       |       |       |       |       |       |     1 |     1 |       ||     2
         Held in net/web   |       |       |       |       |       |       |       |       |     2 ||     2
 Armour: Robe              |     8 |    17 |    27 |    51 |   149 |   312 |    14 |       |       ||   578
         Troll leather arm |       |       |       |       |    51 |     1 |       |       |       ||    52
         Swamp dragon scal |       |       |       |       |       |       |   315 |   194 |       ||   509
         Pearl dragon scal |       |       |       |       |       |       |       |   396 |   274 ||   670
  Dodge: Dodged            |    36 |   109 |   190 |   228 |   531 |   650 |   467 |   499 |   253 ||  2963
  Block: Kite shield       |       |       |       |       |   675 |  1068 |   752 |   931 |   451 ||  3877

Table legend: (Time is in decaauts)
 A = Elapsed time spent in this place.
 B = Non-inter-level travel time spent in this place.
 C = Inter-level travel time spent in this place.
 D = Time resting spent in this place.
 E = Time spent auto-exploring this place.
 F = Levels seen in this place.
 G = Mean time per level.
                   A        B        C        D        E       F      G
               +--------+--------+--------+--------+--------+-----+--------+
         Total |  88294 |  78053 |  10241 |  30479 |  26352 |  54 | 1635.1 |
       Dungeon |  24607 |  20486 |   4121 |   6831 |   9316 |  15 | 1640.5 |
          Lair |  11005 |   8960 |   2045 |   2270 |   3364 |   5 | 2201.0 |
        Shoals |   6256 |   5879 |    377 |   2466 |   1918 |   4 | 1564.0 |
     Snake Pit |   7285 |   6503 |    782 |   2161 |   2499 |   4 | 1821.2 |
  Orcish Mines |   2765 |   2385 |    380 |    800 |    987 |   2 | 1382.5 |
   Elven Halls |  10173 |   9620 |    553 |   5355 |   1912 |   3 | 3391.0 |
        Vaults |   9989 |   8696 |   1293 |   3790 |   2764 |   4 | 2497.2 |
        Depths |  10105 |   9417 |    688 |   4558 |   2968 |   4 | 2526.2 |
         Abyss |   2361 |   2361 |      0 |    494 |    407 |   9 |  262.3 |
         Sewer |    859 |    859 |      0 |    386 |      0 |   1 |  859.0 |
      Ice Cave |    377 |    377 |      0 |    130 |      0 |   1 |  377.0 |
    Desolation |   2060 |   2060 |      0 |   1138 |     60 |   1 | 2060.0 |
      Gauntlet |    444 |    444 |      0 |     98 |    156 |   1 |  444.0 |
               +--------+--------+--------+--------+--------+-----+--------+

Top non-repeatable levels by time:
   Elf:3: 4724 daAuts
  Lair:1: 4144 daAuts
    D:13: 3656 daAuts
Vaults:1: 3321 daAuts
Depths:1: 3280 daAuts
   Elf:2: 3154 daAuts
     D:9: 3106 daAuts
Vaults:2: 2876 daAuts
Depths:3: 2764 daAuts
  Lair:5: 2619 daAuts
 Snake:1: 2353 daAuts
   Elf:1: 2294 daAuts
Depths:4: 2159 daAuts
    D:14: 2139 daAuts
Vaults:3: 2133 daAuts
